SAAA
BRINKLEY BELUGAS @ PLYMOUTH ROCKS
09/14/2034
 
TOP OF THE 1ST
Brinkley Belugas batting - Pitching for Plymouth Rocks : RHP Arturo Gramer
Pitching: RHP Arturo Gramer
Batting: RHB Tony Ayala 0-0: Ground out 1-3 (Groundball, P)
Batting: RHB Cisco Feijoo 0-0: Foul Ball, location: 2F
0-1: Ball
1-1: Swinging Strike
1-2: Ball
2-2: Ground out 6-3 (Groundball, 6D)
Batting: LHB Weston Doyle 0-0: Ground out 6-3 (Groundball, 6)
Top of the 1st over - 0 runs, 0 hits, 0 errors, 0 left on base; Brinkley 0 - Plymouth 0
BOTTOM OF THE 1ST
Plymouth Rocks batting - Pitching for Brinkley Belugas : LHP Gertjan van Hulst
Pitching: LHP Gertjan van Hulst
Batting: RHB Rod Shortall 0-0: Called Strike
0-1: Foul Ball, location: 2F
0-2: Ball
1-2: Ball
2-2: Ball
3-2: Base on Balls
Batting: RHB Alfonso Grappasonni 0-0: Ball
1-0: Foul Ball, location: 2F
1-1: Ball
2-1: Ball
3-1: Grounds into double play, 5-4-3 (Groundball, 5)
Batting: LHB Jesús Guillén 0-0: Swinging Strike
0-1: Called Strike
0-2: Ball
1-2: Ground out 6-3 (Groundball, 6)
Bottom of the 1st over - 0 runs, 0 hits, 0 errors, 0 left on base; Brinkley 0 - Plymouth 0
TOP OF THE 2ND
Brinkley Belugas batting - Pitching for Plymouth Rocks : RHP Arturo Gramer
Batting: LHB Travis Towns 0-0: Ball
1-0: Foul Ball, location: 2F
1-1: Foul Ball, location: 2F
1-2: Strikes out looking
Batting: RHB Hyeon-cheong Kim 0-0: Ball
1-0: Foul Ball, location: 2F
1-1: Foul Ball, location: 2F
1-2: Fly out, F3 (Popup, 3S)
Batting: RHB Wu-shiun Wang 0-0: Ball
1-0: Fly out, F8 (Flyball, 78D)
Top of the 2nd over - 0 runs, 0 hits, 0 errors, 0 left on base; Brinkley 0 - Plymouth 0
BOTTOM OF THE 2ND
Plymouth Rocks batting - Pitching for Brinkley Belugas : LHP Gertjan van Hulst
Batting: SHB Javier Vega 0-0: Called Strike
0-1: SINGLE (Groundball, 6D)
Batting: LHB Gilberto Ocasio 0-0: Ball
1-0: Fly out, F7 (Flyball, 7)
Batting: LHB Octávio Ontiveros 0-0: Swinging Strike
0-1: Called Strike
0-2: Strikes out swinging
Batting: RHB Cosmo Bjorkenheim 0-0: Fly out, F9 (Flyball, 89S)
Bottom of the 2nd over - 0 runs, 1 hit, 0 errors, 1 left on base; Brinkley 0 - Plymouth 0
TOP OF THE 3RD
Brinkley Belugas batting - Pitching for Plymouth Rocks : RHP Arturo Gramer
Batting: SHB Jorge Colón 0-0: Ball
1-0: Ball
2-0: Foul Ball, location: 2F
2-1: Foul Ball, location: 2F
2-2: Ball
3-2: Foul Ball, location: 2F
3-2: DOUBLE (Flyball, 78D)
Batting: RHB Oscar Gandarilla 0-0: SINGLE (Groundball, 56D)
Jorge Colón to third
Batting: RHB Rio Clark 0-0: Ball
1-0: Called Strike
1-1: Foul Ball, location: 2F
1-2: Ground out 5-3 (Groundball, 56S)
Jorge Colón scores
Oscar Gandarilla to second
Batting: RHB Tony Ayala 0-0: Ground out 4-3 (Groundball, 4)
Oscar Gandarilla to third
Batting: RHB Cisco Feijoo 0-0: Ball
1-0: Called Strike
1-1: Ball
Wild Pitch!
Oscar Gandarilla scores
2-1: Ball
3-1: Called Strike
3-2: SOLO HOME RUN (Line Drive, 7LD), Distance : 380 ft
Batting: LHB Weston Doyle 0-0: SINGLE (Flyball, 8RS)
Batting: LHB Travis Towns 0-0: 2-RUN HOME RUN (Flyball, 9LD), Distance : 364 ft
Batting: RHB Hyeon-cheong Kim 0-0: SINGLE (Groundball, 6MD)
Batting: RHB Wu-shiun Wang 0-0: Ground out 6-3 (Groundball, 56)
Top of the 3rd over - 5 runs, 6 hits, 0 errors, 1 left on base; Brinkley 5 - Plymouth 0
BOTTOM OF THE 3RD
Plymouth Rocks batting - Pitching for Brinkley Belugas : LHP Gertjan van Hulst
Batting: LHB Jeff Lawson 0-0: Called Strike
0-1: Ground out U3 (Groundball, 3)
Batting: LHB Dae-ik Park 0-0: Ball
1-0: Foul Ball, location: 2F
1-1: Foul Ball, location: 2F
1-2: Ball
2-2: Ball
3-2: Foul Ball, location: 2F
3-2: Strikes out swinging
Batting: RHB Rod Shortall 0-0: Swinging Strike
0-1: Ground out 6-3 (Groundball, 56)
Bottom of the 3rd over - 0 runs, 0 hits, 0 errors, 0 left on base; Brinkley 5 - Plymouth 0
TOP OF THE 4TH
Brinkley Belugas batting - Pitching for Plymouth Rocks : RHP Arturo Gramer
Batting: SHB Jorge Colón 0-0: Foul Ball, location: 2F
0-1: Called Strike
0-2: Ball
1-2: Ball
2-2: Strikes out swinging
Batting: RHB Oscar Gandarilla 0-0: Ground out 6-3 (Groundball, 6)
Batting: RHB Rio Clark 0-0: Foul Ball, location: 2F
0-1: Ball
1-1: Called Strike
1-2: Strikes out looking
Top of the 4th over - 0 runs, 0 hits, 0 errors, 0 left on base; Brinkley 5 - Plymouth 0
BOTTOM OF THE 4TH
Plymouth Rocks batting - Pitching for Brinkley Belugas : LHP Gertjan van Hulst
Batting: RHB Alfonso Grappasonni 0-0: Called Strike
0-1: Ball
1-1: Fly out, F8 (Flyball, 8RD)
Batting: LHB Jesús Guillén 0-0: Ball
1-0: Fly out, F9 (Flyball, 89S)
Batting: SHB Javier Vega 0-0: Called Strike
0-1: Swinging Strike
0-2: Ball
1-2: Ball
2-2: Ground out 3-1 (Groundball, 34)
Bottom of the 4th over - 0 runs, 0 hits, 0 errors, 0 left on base; Brinkley 5 - Plymouth 0
TOP OF THE 5TH
Brinkley Belugas batting - Pitching for Plymouth Rocks : RHP Arturo Gramer
Batting: RHB Tony Ayala 0-0: Called Strike
0-1: Ball
1-1: Ball
2-1: Swinging Strike
2-2: Ball
3-2: Ground out 4-3 (Groundball, 4S)
Batting: RHB Cisco Feijoo 0-0: Ball
1-0: Called Strike
1-1: Fly out, F8 (Flyball, 8LS)
Batting: LHB Weston Doyle 0-0: Ball
1-0: Fly out, F9 (Line Drive, 9)
Top of the 5th over - 0 runs, 0 hits, 0 errors, 0 left on base; Brinkley 5 - Plymouth 0
BOTTOM OF THE 5TH
Plymouth Rocks batting - Pitching for Brinkley Belugas : LHP Gertjan van Hulst
Batting: LHB Gilberto Ocasio 0-0: Called Strike
0-1: Ball
1-1: Ball
2-1: Called Strike
2-2: Foul Ball, location: 2F
2-2: Foul Ball, location: 2F
2-2: Fly out, F7 (Flyball, 78M)
Batting: LHB Octávio Ontiveros 0-0: SINGLE (Flyball, 9LS)
Batting: RHB Cosmo Bjorkenheim 0-0: Called Strike
0-1: Called Strike
0-2: Ball
1-2: Ball
2-2: Strikes out swinging
Batting: LHB Jeff Lawson 0-0: Ground out 4-3 (Groundball, 4)
Bottom of the 5th over - 0 runs, 1 hit, 0 errors, 1 left on base; Brinkley 5 - Plymouth 0
TOP OF THE 6TH
Brinkley Belugas batting - Pitching for Plymouth Rocks : RHP Arturo Gramer
Batting: LHB Travis Towns 0-0: Fly out, F4 (Popup, 34S)
Batting: RHB Hyeon-cheong Kim 0-0: Ball
1-0: Called Strike
1-1: Swinging Strike
1-2: Foul Ball, location: 2F
1-2: Strikes out swinging
Batting: RHB Wu-shiun Wang 0-0: Swinging Strike
0-1: Ball
1-1: Ground out 5-3 (Groundball, 56S)
Top of the 6th over - 0 runs, 0 hits, 0 errors, 0 left on base; Brinkley 5 - Plymouth 0
BOTTOM OF THE 6TH
Plymouth Rocks batting - Pitching for Brinkley Belugas : LHP Gertjan van Hulst
Batting: LHB Dae-ik Park 0-0: Ball
1-0: Called Strike
1-1: Fly out, F9 (Flyball, 9D)
Batting: RHB Rod Shortall 0-0: Ball
1-0: Foul Ball, location: 2F
1-1: Ball
2-1: Fly out, F7 (Line Drive, 7S)
Batting: RHB Alfonso Grappasonni 0-0: Foul Ball, location: 2F
0-1: Ball
1-1: Called Strike
1-2: Strikes out swinging
Bottom of the 6th over - 0 runs, 0 hits, 0 errors, 0 left on base; Brinkley 5 - Plymouth 0
TOP OF THE 7TH
Brinkley Belugas batting - Pitching for Plymouth Rocks : RHP Arturo Gramer
Batting: SHB Jorge Colón 0-0: Swinging Strike
0-1: Ball
1-1: Ball
2-1: Ball
3-1: Base on Balls
Pitching: RHP Javier Luna
Batting: RHB Oscar Gandarilla 0-0: Called Strike
0-1: Ball
1-1: Ball
2-1: Ball
3-1: SINGLE (Groundball, 6MD)
Jorge Colón to second
Batting: RHB Rio Clark 0-0: Bunted foul
0-1: Ball
1-1: Ball
2-1: Bunted foul
2-2: Foul Ball, location: 2F
2-2: Hit by Pitch
Jorge Colón to third
Oscar Gandarilla to second
Batting: RHB Tony Ayala 0-0: Called Strike
0-1: Ball
1-1: Ball
2-1: Called Strike
2-2: Strikes out swinging
Batting: RHB Cisco Feijoo 0-0: SINGLE (Line Drive, 56D)
Jorge Colón scores
Oscar Gandarilla to third
Rio Clark to second
Runner from 3rd tries for Home, SAFE, no throw
Batting: LHB Weston Doyle 0-0: Called Strike
0-1: Called Strike
0-2: Ball
1-2: Ball
2-2: Fly out, F8 (Flyball, 8RS)
Batting: LHB Travis Towns 0-0: Ball
1-0: Called Strike
1-1: Ball
2-1: Swinging Strike
2-2: Strikes out swinging
Top of the 7th over - 2 runs, 2 hits, 0 errors, 2 left on base; Brinkley 7 - Plymouth 0
BOTTOM OF THE 7TH
Plymouth Rocks batting - Pitching for Brinkley Belugas : LHP Gertjan van Hulst
Batting: LHB Jesús Guillén 0-0: Called Strike
0-1: DOUBLE (Flyball, 8RXD)
Batting: SHB Javier Vega 0-0: Ball
1-0: Ball
2-0: DOUBLE (Flyball, 78D)
Jesús Guillén scores
Batting: LHB Gilberto Ocasio 0-0: Ball
1-0: Ground out 6-3 (Groundball, 6)
Batting: LHB Octávio Ontiveros 0-0: Called Strike
0-1: Ball
1-1: Ball
2-1: Foul Ball, location: 2F
2-2: Strikes out swinging
Batting: RHB Cosmo Bjorkenheim 0-0: Ball
1-0: Ball
2-0: Ball
3-0: Called Strike
3-1: Called Strike
3-2: SINGLE (Line Drive, 9LS)
Javier Vega to third
Javier Vega scores
Batting: LHB Jeff Lawson 0-0: Ball
1-0: Fielders Choice at 2nd, 6-4 (Groundball, 6)
Bottom of the 7th over - 2 runs, 3 hits, 0 errors, 1 left on base; Brinkley 7 - Plymouth 2
TOP OF THE 8TH
Brinkley Belugas batting - Pitching for Plymouth Rocks : RHP Javier Luna
Batting: RHB Hyeon-cheong Kim 0-0: Ball
1-0: Ground out 5-3 (Groundball, 5)
Batting: RHB Wu-shiun Wang 0-0: Ball
1-0: Ball
2-0: Ball
3-0: Called Strike
3-1: Swinging Strike
3-2: Strikes out looking
Batting: SHB Jorge Colón 0-0: Ball
1-0: Swinging Strike
1-1: Ball
2-1: Foul Ball, location: 2F
2-2: Ball
3-2: Foul Ball, location: 2F
3-2: Strikes out swinging
Top of the 8th over - 0 runs, 0 hits, 0 errors, 0 left on base; Brinkley 7 - Plymouth 2
BOTTOM OF THE 8TH
Plymouth Rocks batting - Pitching for Brinkley Belugas : LHP Gertjan van Hulst
Now at C: Edgardo Bello
Batting: LHB Dae-ik Park 0-0: Ball
1-0: Ball
2-0: Ball
3-0: Base on Balls
Batting: RHB Rod Shortall 0-0: Ball
1-0: Called Strike
1-1: Ball
2-1: Grounds into double play, 6-4-3 (Groundball, 6)
Batting: RHB Alfonso Grappasonni 0-0: Ball
1-0: Called Strike
1-1: Called Strike
1-2: Ball
2-2: Foul Ball, location: 2F
2-2: Ground out 6-3 (Groundball, 6S)
Bottom of the 8th over - 0 runs, 0 hits, 0 errors, 0 left on base; Brinkley 7 - Plymouth 2
TOP OF THE 9TH
Brinkley Belugas batting - Pitching for Plymouth Rocks : RHP Javier Luna
Batting: RHB Oscar Gandarilla 0-0: Foul Ball, location: 2F
0-1: Swinging Strike
0-2: SINGLE (Groundball, 6MD)
Batting: RHB Rio Clark 0-0: Swinging Strike
0-1: Foul Ball, location: 2F
0-2: Ball
1-2: Foul Ball, location: 2F
1-2: Fly out, F8 (Flyball, 8LD)
Batting: RHB Tony Ayala 0-0: Ball
1-0: Foul Ball, location: 2F
1-1: Swinging Strike
1-2: Ball
2-2: Foul Ball, location: 2F
2-2: Ball
3-2: Base on Balls
Oscar Gandarilla to second
Batting: RHB Cisco Feijoo 0-0: Fly out, F6 (Line Drive, 6)
Batting: LHB Weston Doyle 0-0: Fly out, F8 (Flyball, 8RD)
Top of the 9th over - 0 runs, 1 hit, 0 errors, 2 left on base; Brinkley 7 - Plymouth 2
BOTTOM OF THE 9TH
Plymouth Rocks batting - Pitching for Brinkley Belugas : LHP Gertjan van Hulst
Pitching: RHP Jean-François Chapon
Now in CF: Alan Bryan
Now in RF: Júlio González
Batting: LHB Jesús Guillén 0-0: Ball
1-0: Ball
2-0: Ball
3-0: Base on Balls
Batting: SHB Javier Vega 0-0: Ball
1-0: Swinging Strike
1-1: Fielders Choice at 2nd, 1-6 (Groundball, P)
Batting: LHB Gilberto Ocasio 0-0: Called Strike
0-1: Swinging Strike
0-2: Ball
1-2: Foul Ball, location: 2F
1-2: Fly out, F3 (Popup, 3F)
Batting: LHB Octávio Ontiveros 0-0: Fielders Choice at 2nd, 6-4 (Groundball, 56)
Bottom of the 9th over - 0 runs, 0 hits, 0 errors, 1 left on base; Brinkley 7 - Plymouth 2
Friday, March 29th, 2019 - OOTP Baseball 18.8 Build 76